 Dungeon Crawl Stone Soup version 0.27-a0-3-gcf006a40f5 (webtiles) character file.

Game seed: 10179350201163405439

46 dolemite99 the Skirmisher (level 3, -2/33 HPs)
             Began as a Hill Orc Fighter on Jan 1, 2021.
             Slain by an ogre
             ... wielding a +0 giant spiked club
              (15 damage)
             ... on level 2 of the Dungeon.
             The game lasted 00:01:27 (1004 turns).

dolemite99 the Skirmisher (Hill Orc Fighter)        Turns: 1004, Time: 00:01:27

Health: -2/33      AC: 11    Str: 19    XL:     3   Next: 66%
Magic:  3/3        EV:  3    Int:  8    God:
Gold:   76         SH:  9    Dex: 10    Spells: 2/2 levels left

rFire    . . .     SeeInvis .   a - +0 war axe
rCold    . . .     Faith    .   c - +0 kite shield
rNeg     . . .     Spirit   .   g - +0 plate armour
rPois    .         Reflect  .   (no helmet)
rElec    .         Harm     .   (no cloak)
rCorr    .         Rampage  .   (no gloves)
Will     .....                  (no boots)
Stlth    ..........             (no amulet)
HPRegen  0.11/turn              (no ring)
MPRegen  0.08/turn              (no ring)

@: no status effects
A: no striking features
a: no special abilities


You were on level 2 of the Dungeon.
You visited 1 branch of the dungeon, and saw 2 of its levels.

You collected 76 gold pieces.

Inventory:

Hand Weapons
 a - a +0 war axe (weapon)
Missiles
 k - 43 sling bullets
 l - 32 stones (quivered)
Armour
 b - a +0 scale mail
 c - a +0 kite shield (worn)
 g - a +0 plate armour (worn)
Scrolls
 e - 2 scrolls of blinking {unknown}
 j - a scroll of random uselessness {unknown}
 n - 2 scrolls of immolation {unknown}
 p - a scroll of enchant weapon {unknown}
Potions
 d - a potion of might
 f - 3 potions of lignification {unknown}
 h - 2 potions of degeneration {unknown}
 i - a potion of haste {unknown}
 m - a potion of invisibility {unknown}
 o - a potion of ambrosia {unknown}


   Skills:
 + Level 4.0 Fighting
 * Level 3.9 Axes
 + Level 3.6 Armour
 + Level 3.7 Shields


You had 2 spell levels left.
You didn't know any spells.
Your spell library was empty.

Dungeon Overview and Level Annotations

Branches:
Dungeon (2/15)

Altars:
Elyvilon


Message History

The ogre completely misses you.
You hit the ogre.
The ogre is heavily wounded.
You block the ogre's attack.
You barely miss the ogre.
The ogre is heavily wounded.
The ogre completely misses you.
You hit the ogre.
The ogre is heavily wounded.
You block the ogre's attack.
You hit the ogre.
The ogre is heavily wounded.
The ogre hits you with a +0 giant spiked club!
You hit the ogre.
The ogre is heavily wounded.
The ogre hits you with a +0 giant spiked club!
You hit the ogre.
The ogre is severely wounded.
The ogre hits you with a +0 giant spiked club!
You die...

.#...#...###...###...
...####### ##.## #.##
#.# #.# ##)## #.#
#.†.# #.# #...# . #.#
#.(.# .##
##.#####.#.##
#.(.O@...#...
#.#####..##[. #.
.##.$ .. ...# #.# ###
.( .. #.# # ..


You could see an ogre.

Vanquished Creatures
  A gnoll (D:1)
  2 dart slugs (D:1)
  5 bats (D:1)
  A giant cockroach (D:1)
  2 hobgoblins
  4 jackals
  6 kobolds
  A frilled lizard (D:1)
  5 goblins (D:1)
  4 rats
31 creatures vanquished.

Vanquished Creatures (others)
  A fungus (D:2)
1 creature vanquished.

Grand Total: 32 creatures vanquished

Notes
Turn   | Place    | Note
-------+----------+-------------------------------------------
     0 | D:1      | dolemite99 the Hill Orc Fighter began the quest for the
                  | Orb.
     0 | D:1      | Reached XP level 1. HP: 19/19 MP: 1/1
   149 | D:1      | Reached XP level 2. HP: 27/27 MP: 2/2
   446 | D:1      | Reached XP level 3. HP: 33/33 MP: 3/3
   532 | D:1      | Reached skill level 4 in Fighting
   953 | D:2      | Found a white marble altar of Elyvilon.
   982 | D:2      | Noticed an ogre
  1004 | D:2      | Slain by an ogre

Illustrated notes

Levels and vault maps discovered:
D:1:      saegor_arrival_simple_d, layout_rooms, minmay_misc_feat_five,
          hangedman_abyss_or_decor_stabs, dk_noncrumbling_3,
          grunt_decor_mini_mirrors, minmay_circled_x
D:2:      cheibrodos_fertilizer, layout_loops_ring,
          pdpol_temple_overflow_zin_treasury_gozag_greed, elyvilon_altar_1,
          chequers_ecumenical_altar_simple_redux, minmay_hexomino_p4

Skill      XL: |  1  2  3 |
---------------+----------+-----
Axes           | 3 |  3.9
Fighting       | 4 |  4.0
Armour         | |  3.6
Shields        | |  3.7

Action                   || total
-------------------------++-------
Melee: War axe           ||    93
Throw: Stone             ||    11
Armor: Scale mail        ||     9
       Plate armour      ||    73
Dodge: Dodged            ||    14
Block: Kite shield       ||    59

Table legend: (Time is in decaauts)
 A = Elapsed time spent in this place.
 B = Non-inter-level travel time spent in this place.
 C = Inter-level travel time spent in this place.
 D = Time resting spent in this place.
 E = Time spent auto-exploring this place.
 F = Levels seen in this place.
 G = Mean time per level.
                   A        B        C        D        E       F      G
               +--------+--------+--------+--------+--------+-----+--------+
         Total |   1042 |   1004 |     38 |    241 |    467 |   2 |  521.0 |
       Dungeon |   1042 |   1004 |     38 |    241 |    467 |   2 |  521.0 |
               +--------+--------+--------+--------+--------+-----+--------+

Top non-repeatable levels by time:
     D:1: 976 daAuts
     D:2: 66 daAuts
